 Dungeon Sprint DCSS version 0.21-a0-460-g737a915 (webtiles) character file.

8 Kidiri the Ruffian (level 2, -7/31 HPs)
             Began as a Troll Monk on Nov 20, 2017.
             Was a Believer of Wu Jian.
             Mangled by a merfolk
             ... wielding a +4 lajatang of electrocution
              (33 damage)
             ... in the Dungeon (Sprint V: "Ziggurat Sprint").
             The game lasted 00:01:41 (65 turns).

Kidiri the Ruffian (Troll Monk)                       Turns: 65, Time: 00:01:43

Health: -7/31      AC:  5    Str: 18    XL:     2   Next: 0%
Magic:  1/2        EV: 12    Int:  6    God:    Wu Jian [**....]
Gold:   0          SH:  0    Dex: 24    Spells: 3/3 levels left

rFire    . . .     SeeInvis .     - Unarmed
rCold    . . .     Gourm    +   (no shield)
rNeg     . . .     Faith    .   a - +0 robe
rPois    .         Spirit   .   (helmet restricted)
rElec    .         Reflect  .   (no cloak)
rCorr    .         Harm     .   (gloves unavailable)
MR       .....     NoTele   +   (boots unavailable)
Stlth    +++.......             (no amulet)
HPRegen  0.50/turn              w - +6 ring of dexterity
MPRegen  0.08/turn              x - +6 ring of dexterity

@: no status effects
A: unfitting armour, claws 3, fast metabolism 3, gourmand, regeneration 1,
shaggy fur 1, tough skin 2
a: Renounce Religion


You were in the Dungeon.
You worshipped Wu Jian.
Wu Jian was pleased with you.
You were not hungry.

You visited 1 branch

Inventory:

Armour
 a - a +0 robe (worn)
 G - +5 gold dragon scales
Jewellery
 w - a +6 ring of dexterity (left claw)
 x - a +6 ring of dexterity (right claw)
 y - a +6 ring of intelligence
 z - a +6 ring of intelligence
 A - a +6 ring of strength
 B - a +6 ring of strength
Wands
 C - a wand of disintegration (7)
 D - a wand of iceblast (5)
 E - a wand of lightning (5)
 F - a wand of acid (5)
Scrolls
 h - 4 scrolls of blinking
 o - 4 scrolls of amnesia
 p - 7 scrolls of fog
 q - a scroll of holy word
 r - 5 scrolls of identify
 s - 5 scrolls of remove curse
 t - 2 scrolls of fear
Potions
 c - 10 potions of curing
 d - 10 potions of heal wounds
 e - 6 potions of haste
 f - 7 potions of magic
 g - 3 potions of berserk rage
 i - 2 potions of brilliance
 j - 2 potions of invisibility
 k - 4 potions of resistance
 m - 5 potions of agility
 n - 5 potions of might
Comestibles
 b - 6 bread rations
 u - 42 fruits
 v - 4 meat rations


   Skills:
 * Level 3.2 Fighting
 - Level 2.2 Throwing
 + Level 1.8 Armour
 * Level 3.2 Dodging
 - Level 1.9 Stealth
 * Level 3.9 Unarmed Combat
 - Level 1.2 Spellcasting
 + Level 1.6 Evocations


You had 3 spell levels left.
You didn't know any spells.

Dungeon Overview and Level Annotations

Branches:
Dungeon (1/1)

Altars:
Ashenzari
Cheibriados
Dithmenos
Elyvilon
Fedhas
Gozag
Hepliaklqana
Kikubaaqudgha
Makhleb
Nemelex Xobeh
Okawaru
Qazlal
Ru
Sif Muna
Trog
Uskayaw
Vehumet
Wu Jian
Xom
Yredelemnul
Zin
The Shining One
Beogh
Jiyva
Lugonu

Annotations:
D 1 transporter


Innate Abilities, Weirdness & Mutations

You are too large for most types of armour.
You have claws for hands.
Your metabolism is lightning-fast.
You like to eat raw meat.
Your natural rate of healing is unusually fast.
You are covered in fur. (AC +1)
You have very tough skin. (AC +2)


Message History

You hear the crackle of electricity.
Found a book of Alchemy and an uncursed trident.
Found a transporter.
The merfolk throws a throwing net.
The throwing net hits you.
You become entangled in the net!
You see here a throwing net.
Unknown command.
You struggle against the net.
Okay, then.
You tear a large gash into the net.
The merfolk shouts!
The merfolk completely misses you. The merfolk barely misses you.
Unknown command.
You rip the net and break free!
The merfolk barely misses you.
The merfolk hits you with a +4 lajatang of electrocution.
You spin and attack the merfolk.
You barely miss the merfolk. The merfolk barely misses you.
The merfolk hits you with a +4 lajatang of electrocution!!
Ouch! That really hurt!
You die...

▓▓▓▓▓▓▓
▓.8©8.▓
▓.....▓
▓.).m.▓
▓..m@.▓
▓.....▓
▓..©..▓
▓▓▓▓▓▓▓


You could see 2 merfolk.

Vanquished Creatures (others)
  Kirke (D)
  Josephine (D)
2 creatures vanquished.

Notes
Turn   | Place    | Note
-------+----------+-------------------------------------------
     0 | D        | Found the +6 Majin-Bo {vamp, Archmagi MP+6 Int+6}
     0 | D        | Found the +7 great mace "Firestarter" {inner flame, rF++}
     0 | D        | Kidiri the Troll Monk began the quest for the Orb.
     0 | D        | Reached XP level 1. HP: 22/22 MP: 0/0
     0 | D        | Found a deep blue altar of Sif Muna.
     0 | D        | Found a bloodstained altar of Trog.
     0 | D        | Found a sacrificial altar of Ru.
     0 | D        | Found a stormy altar of Qazlal.
     0 | D        | Found an iron altar of Okawaru.
     1 | D        | Found a sparkling altar of Nemelex Xobeh.
     1 | D        | Found a blossoming altar of Fedhas.
     3 | D        | Found a transporter.
     3 | D        | Found an ancient bone altar of Kikubaaqudgha.
     3 | D        | Found a viscous altar of Jiyva.
     3 | D        | Found a corrupted altar of Lugonu.
     3 | D        | Found a hazy altar of Hepliaklqana.
     3 | D        | Found a burning altar of Makhleb.
     3 | D        | Found an opulent altar of Gozag.
    15 | D        | Killed Kirke
    21 | D        | Became a worshipper of the Wu Jian Council
    21 | D        | Reached * piety under Wu Jian
    21 | D        | Reached ** piety under Wu Jian
    47 | D        | Reached skill level 1 in Armour
    47 | D        | Reached skill level 1 in Spellcasting
    47 | D        | Reached skill level 1 in Evocations
    47 | D        | Reached XP level 2. HP: 31/31 MP: 0/2
    58 | D        | Killed Josephine
    60 | D        | Entered arena 2.
    60 | D        | Noticed a merfolk
    60 | D        | Noticed a merfolk
    60 | D        | Found a transporter.
    65 | D        | Mangled by a merfolk

Vault maps used:
D:        sprint_v

Skill      XL: |  1 |
---------------+----+-----
Fighting       | 3 |  3.2
Throwing       | 2 |  2.2
Armour         | 1 |  1.8
Dodging        | 3 |  3.2
Spellcasting   | 1 |  1.2
Evocations     | 1 |  1.6
Stealth        | |  1.9
Unarmed Combat | |  3.9

Action                   || total
-------------------------++-------
Melee: Unarmed           ||     1
  Use: Potion            ||     1
Dodge: Dodged            ||     4

Table legend:
 A = Spawn XP
 B = Non-spawn XP
 C = Spawn XP percentage of total XP
 D = Spawn monster count
 E = Non-spawn monster count
 F = Spawn count percentage of total count
 G = Total turns spent on level
                    A         B        C        D         E        F      G
               +---------+---------+-------+---------+---------+-------+---------
         Total |       0 |       0 |   N/A |       0 |       0 |   N/A |    65
               +---------+---------+-------+---------+---------+-------+---------
               +---------+---------+-------+---------+---------+-------+---------
